AoeStats
← Jonah

Arabia

509266805Analyzed
1v1 RM · 5d ago on Sep 26, 2026· 35m 40s· 2 players
Game mode
Random Map
Map size
Tiny (2 player)
Population
200
Speed
Normal
Resources
Standard
Victory
Conquest
Starting age
Dark Age
Ending age
Imperial Age
RankedLock teamsTeams togetherTeam positionsShared explorationLock speedFull tech treeHidden civsTurbo modeCheats
Victory
Defeat
🇫🇷 Muisca · France
1081
+16
🇧🇷 Danes · Brazil
1083
-16
Jonah
7:38 Loom
10:30 Feudal Age
10:59 Champi Runner
12:18 Double-Bit Axe
15:31 Fletching
19:39 Horse Collar
28:41 Castle Age
27:11 Padded Archer Armor
28:52 Crossbowman
29:29 Bodkin Arrow
30:37 Squires
30:40 Scale Mail Armor
33:19 Heavy Plow
33:34 Bow Saw
33:17 Gold Mining
34:56 Champi Warrior
[VENINI]LordMooca
2:05 Loom
11:15 Feudal Age
11:32 Man-at-Arms
24:31 Double-Bit Axe
26:18 Fletching
27:22 Scale Mail Armor
31:37 Padded Archer Armor
Connection lost

Rejoining the realm…

Still unreachable

The connection could not be restored.

Session expired

The server has moved on; the page needs a fresh start.